 Dungeon Crawl Stone Soup version 0.26-a0-540-g8a0c9464d7 (webtiles) character file.

Game seed: 5738940275731632163

(classic levelgen) 4968 EnegeticOcto the Cleaver (level 10, -5/81 HPs)
             Began as a Deep Dwarf Fighter on Aug 17, 2020.
             Was a Priest of the Shining One.
             Slain by Erolcha
             ... wielding a +0 giant club
              (6 damage)
             ... while paralysed by an orc sorcerer
             ... on level 1 of the Orcish Mines.
             The game lasted 00:08:27 (1158 turns).

EnegeticOcto the Cleaver (Deep Dwarf Fighter)       Turns: 1158, Time: 00:08:27

Health: -5/81      AC: 14    Str: 22    XL:     10   Next: 28%
Magic:  13/13      EV:  2    Int: 10    God:    the Shining One [***...]
Gold:   101        SH:  0    Dex: 18    Spells: 9/9 levels left

rFire    . . .     SeeInvis .   p - +3 battleaxe
rCold    . . .     Faith    .   (shield currently unavailable)
rNeg     + . .     Spirit   .   u - +0 plate armour
rPois    .         Reflect  .   o - +0 helmet
rElec    .         Harm     .   (no cloak)
rCorr    .         Rnd*Tele +   k - +1 pair of gloves
MR       +....                  (no boots)
Stlth    ..........             (no amulet)
HPRegen  0.00/turn              g - ring of teleportation
MPRegen  0.13/turn              l - +6 ring of dexterity

@: paralysed, lethally poisoned (-5 -> -5), liquid flames, non-regenerating,
glowing
A: damage resistance, heal wounds, sense surroundings 2, no regeneration
a: Heal Wounds, Divine Shield, Renounce Religion


You were on level 1 of the Orcish Mines.
You worshipped the Shining One.
The Shining One was most pleased with you.
You visited 2 branches of the dungeon, and saw 10 of its levels.

You collected 101 gold pieces.

Inventory:

Hand Weapons
 a - a +1 war axe
 p - a +3 battleaxe (weapon)
 s - a +4 flail
Armour
 b - a +0 scale mail
 c - a +0 kite shield
 e - a +0 chain mail
 k - a +1 pair of gloves (worn)
 o - a +0 helmet (worn)
 u - a +0 plate armour (worn)
Jewellery
 g - a ring of teleportation (left hand)
 l - a +6 ring of dexterity (right hand)
Wands
 h - a wand of iceblast (8)
Scrolls
 j - a scroll of remove curse {@r2}
 r - a scroll of teleportation {@r3}
Potions
 d - a potion of ambrosia
 f - a potion of brilliance {unknown}
 i - a potion of flight {unknown}
 m - a potion of degeneration {unknown}
 n - 2 potions of curing {@q1}
 q - 2 potions of heal wounds {unknown}
 t - a potion of berserk rage {unknown}


   Skills:
 + Level 2.6 Fighting
 * Level 13.9 Axes
 - Level 3.2 Armour
 - Level 3.2 Shields
 + Level 9.9 Invocations


You had 9 spell levels left.
You didn't know any spells.
Your spell library was empty.

Dungeon Overview and Level Annotations

Branches:
Dungeon (9/15)               Lair (0/6) D:9             Orc (1/2) D:9
 Temple: D:4-7

Altars:
Hepliaklqana
The Shining One

Annotations:
Orc:1 Erolcha, Fannar


Innate Abilities, Weirdness & Mutations

You are resistant to damage.
You can heal yourself by infusing magical energy.
You passively map the area around you.
You do not regenerate.


Message History

There is a staircase to the Orcish Mines here.
You climb downwards.
Welcome to the Orcish Mines! 3 gnolls, 3 orcs, Erolcha and Fannar come into view.
Fannar is wielding a +0 quarterstaff of freezing and wearing a +1 robe of cold resistance.
The gnoll sergeant is wielding a +3 spear of freezing.
Fannar shouts!
Erolcha shouts!
The gnoll sergeant shouts!
The gnoll shouts! x2
The orc sorcerer shouts!
The orc wizard shouts!
The orc shouts!
You hear a shout! x6
Found 76 gold pieces.
There is a staircase back to the Dungeon here.
Okay, then.
Okay, then.
Okay, then.
Okay, then.
A gnoll and an orc come into view.
The gnoll shouts!
The orc shouts!
You hear a shout! x3
An orc comes into view. It is wielding a -1 flail.
The orc sorcerer casts a spell at you.
You easily resist.
The gnoll hits you but does no damage. Fannar casts a spell at you.
The bolt of cold hits the gnoll!!
The gnoll dies!
The bolt of cold hits you.
Erolcha roars. 3 orcs and an orc warrior come into view.
The orc warrior is wielding a +2 dire flail of venom.
The orc shouts! x4; The orc warrior shouts!
An orc comes into view. It is wielding a +0 hand axe.
The gnoll sergeant hits you from afar with a +3 spear of freezing.
The gnoll sergeant freezes you.
An orc warrior comes into view. It is wielding a +0 hand axe.
Found a stone staircase leading down.
The orc warrior shouts!
You hit the gnoll.
The gnoll is moderately wounded.
An orc comes into view.
An orc wizard comes into view. It is wielding a +0 dagger.
The gnoll sergeant hits you from afar with a +3 spear of freezing.
The gnoll sergeant freezes you. The gnoll barely misses you.
The orc sorcerer casts a spell.
Fannar mumbles some strange words.
An orc knight comes into view. It is wielding a +0 great sword.
An orc and an ogre come into view.
The ogre shouts!
An orc warrior comes into view. It is wielding a +0 halberd.
Erolcha gestures wildly while chanting.
Erolcha flickers and vanishes for a moment.
You slice the orc sorcerer!!
The orc sorcerer is heavily wounded.
You hit the orc. You slash Erolcha! You slash the gnoll!
You kill the gnoll!
Erolcha hits you with a +0 giant club! The orc hits you but does no damage.
The gnoll sergeant hits you but does no damage.
The orc sorcerer gestures at you while chanting.
The bolt of fire hits you!!
The orc knight roars a battlecry!
The orcs go into a battle-frenzy!
Fannar casts a spell.
You barely miss the orc sorcerer.
The orc sorcerer is heavily wounded.
You hit the orc. You barely miss Erolcha. You barely miss the gnoll.
Erolcha hits you but does no damage. The orc barely misses you.
The gnoll sergeant hits you but does no damage.
The orc sorcerer hits you with a +0 dagger.
The gnoll hits you but does no damage.
You feel much better.
The orc wizard mumbles some strange words.
The orc wizard flickers and vanishes!
Deactivating autopickup; reactivate with Ctrl-A.
Erolcha barely misses you. The orc barely misses you.
The gnoll sergeant completely misses you.
The orc sorcerer gestures at you while chanting.
You suddenly lose the ability to move!
The orc knight roars a battlecry!
The orcs go into a battle-frenzy!
The gnoll hits you but does no damage. The smoke demon gestures at you.
The sticky flame hits you but does no damage.
You are covered in liquid flames!
You are covered in liquid flames!
The orc hits you but does no damage. x2
The gnoll sergeant hits you from afar with a +3 spear of freezing.
The gnoll sergeant freezes you.
The orc sorcerer hits you but does no damage.
The gnoll hits you. The orc hits you but does no damage.
The smoke demon gestures at you. Something smites you!
Erolcha hits you with a +0 giant club!
You are covered in liquid flames!
An orc warrior comes into view. It is wielding a +0 dire flail.
The orc hits you but does no damage.
The gnoll sergeant hits you but does no damage.
The orc sorcerer hits you with a +0 dagger.
The orc warrior hits you with a +2 dire flail of venom!!
* * * LOW HITPOINT WARNING * * *
You are poisoned.
The gnoll hits you but does no damage.
The ice beast hits you but does no damage.
You are covered in liquid flames!
* * * LOW HITPOINT WARNING * * *
Erolcha growls.
Erolcha hits you with a +0 giant club!
You die...

, ,, , * , ,
,.............. ,**
.,......>....o., * ,
..#...........#. * ,
,,,,,.......o.$......
, , ,...$ooO.......,
,, , ,. #..o3oeo...#.
*,,..##..oooo......,
.....oo@OoY..... *
......ogYg...... * *
* ......#o....#..#
,.......o.....#
#.#$..#.#.#.## **#
##........#
*#.o........# *,,
......#....## *
....... ....#


You could see Fannar (icy armour), an orc knight, Erolcha (invisible), a smoke
demon (summoned), an orc sorcerer (strong), 4 orc warriors, 2 ice beasts, an
ogre, a gnoll sergeant, 2 orc wizards, a gnoll and 9 orcs.

Vanquished Creatures
  A two-headed ogre (D:9)
  Pikel (D:4)
  A troll (D:9)
  2 hippogriffs (D:9)
  3 yaks (D:9)
  A sky beast (D:8)
  A phantom (D:9)
  6 orc warriors
  2 ogres
  A black bear (D:8)
  A centaur (D:8)
  4 big kobolds (D:9)
  2 bullfrogs
  3 gnoll sergeants
  A scorpion (D:9)
  6 killer bees (D:7)
  10 wights
  2 hounds
  An orc priest (D:8)
  A jelly (D:7)
  2 orc wizards (D:8)
  An iguana (D:9)
  2 worker ants (D:5)
  A hound zombie (D:9)
  A howler monkey zombie (D:5)
  9 gnolls
  2 adders
  3 white imps
  An ufetubus (D:8)
  An ooze (D:3)
  An adder skeleton (D:5)
  5 worms
  2 leopard geckos (D:3)
  14 orcs
  3 giant cockroaches
  A hobgoblin (D:2)
  6 jackals (D:3)
  2 kobolds (D:3)
  A quokka (D:9)
  3 frilled lizards
  4 goblins (D:3)
  A jackal skeleton (D:9)
  3 rats (D:3)
119 creatures vanquished.

Vanquished Creatures (others)
  A gnoll (Orc:1)
1 creature vanquished.

Grand Total: 120 creatures vanquished

Notes
Turn   | Place    | Note
-------+----------+-------------------------------------------
     0 | D:1      | EnegeticOcto the Deep Dwarf Fighter began the quest for the
                  | Orb.
     0 | D:1      | Reached XP level 1. HP: 20/20 MP: 1/1
    46 | D:3      | Found a glowing golden altar of the Shining One.
    53 | D:3      | Became a worshipper of the Shining One
    54 | D:3      | Reached skill level 3 in Axes
    54 | D:3      | Reached XP level 2. HP: 24/27 MP: 2/2
   130 | D:3      | Found a hazy altar of Hepliaklqana.
   170 | D:3      | Reached skill level 4 in Axes
   170 | D:3      | Reached XP level 3. HP: 23/33 MP: 3/3
   208 | D:3      | Reached XP level 4. HP: 39/40 MP: 4/4
   235 | D:4      | Noticed a lemure
   236 | D:4      | Noticed a lemure
   236 | D:4      | Noticed Pikel
   239 | D:4      | Noticed a lemure
   244 | D:4      | Noticed a lemure
   252 | D:4      | Killed Pikel
   252 | D:4      | Reached skill level 8 in Axes
   252 | D:4      | Reached XP level 5. HP: 32/46 MP: 4/4
   252 | D:4      | Reached XP level 6. HP: 39/55 MP: 5/5
   252 | D:4      | Reached XP level 7. HP: 43/61 MP: 6/6
   276 | D:5      | Entered Level 5 of the Dungeon
   282 | D:5      | Reached * piety under the Shining One
   311 | D:5      | Reached skill level 1 in Invocations
   369 | D:7      | Reached skill level 9 in Axes
   465 | D:7      | Reached XP level 8. HP: 60/68 MP: 9/9
   507 | D:7      | Reached skill level 10 in Axes
   635 | D:8      | Reached skill level 5 in Invocations
   729 | D:8      | Reached ** piety under the Shining One
   734 | D:8      | Reached skill level 11 in Axes
   836 | D:9      | Gained mutation: You passively map the area around you.
                  | [Deep Dwarf growth]
   836 | D:9      | Reached XP level 9. HP: 58/74 MP: 12/12
   892 | D:9      | Reached skill level 12 in Axes
   955 | D:9      | Noticed a two-headed ogre
   973 | D:9      | Killed a two-headed ogre
   973 | D:9      | Reached skill level 13 in Axes
  1009 | D:9      | Found a staircase to the Lair.
  1019 | D:9      | Found a staircase to the Orcish Mines.
  1019 | D:9      | Noticed a troll
  1036 | D:9      | Reached XP level 10. HP: 67/81 MP: 10/12
  1148 | Orc:1    | Entered Level 1 of the Orcish Mines
  1148 | Orc:1    | Noticed Fannar
  1148 | Orc:1    | Noticed Erolcha
  1148 | Orc:1    | Reached *** piety under the Shining One
  1148 | Orc:1    | Noticed an orc sorcerer
  1152 | Orc:1    | Noticed a smoke demon
  1152 | Orc:1    | Noticed an orc knight
  1155 | Orc:1    | Paralysed by an orc sorcerer for 5 turns
  1157 | Orc:1    | HP: 2/81 [orc warrior/+2 dire flail of venom[an orc knight]
                  | (24)]
  1158 | Orc:1    | Slain by Erolcha

Illustrated notes

Levels and vault maps discovered:
D:1:      minmay_arrival_jagged, layout_basic
D:2:      layout_rooms
D:3:      layout_basic, old_standard_altar, tso_altar, chequers_garden
D:4:      layout_layer_cave, elyvilon_altar_4, minmay_temple_entry_nine_rooms,
          nicolae_ru_awakened_eye, uniq_pikel, uniq_edmund,
          uniq_crazy_yiuf_cottage, uniq_blork_the_orc
D:5:      layout_basic, lemuel_round_altar, grunt_temple_overflow_cloverleaf,
          uniq_prince_ribbit1
D:6:      layout_basic, grunt_dithmenos_shadows, uniq_menkaure, uniq_duvessa,
          uniq_sigmund
D:7:      layout_gridville, grunt_temple_overflow_gold_and_silver
D:8:      layout_basic, overflow_temple_1_default
D:9:      layout_roguey, lair_entry_dummy,
          kennysheep_orc_monster_closet_entryway
Orc:1:    layout_caves, uniq_fannar, uniq_erolcha

Skill      XL: |  1  2  3  4  5  6  7  8  9 |
---------------+----------------------------+-----
Axes           | 3 4 8 9 11 13 | 13.9
Invocations    | 3 6 9 |  9.9
Fighting       | |  2.6
Armour         | |  3.2
Shields        | |  3.2

Action                   |  1- 3 |  4- 6 |  7- 9 | 10-12 || total
-------------------------+-------+-------+-------+-------++-------
Melee: War axe           |    55 |    19 |   177 |       ||   251
       Battleaxe         |       |       |    34 |    50 ||    84
Invok: Divine Shield     |       |       |     3 |       ||     3
 Abil: Heal Wounds       |     2 |     1 |    19 |     6 ||    28
  Use: Potion            |       |     1 |       |       ||     1
       Scroll            |       |       |    10 |       ||    10
Armor: Scale mail        |    16 |     3 |    39 |       ||    58
       Chain mail        |       |       |    40 |       ||    40
       Plate armour      |       |       |     6 |    45 ||    51
Dodge: Dodged            |    12 |    12 |    69 |    16 ||   109
Block: Kite shield       |    38 |    15 |   118 |       ||   171
       Other             |       |       |    22 |    24 ||    46

Table legend: (Time is in decaauts)
 A = Elapsed time spent in this place.
 B = Non-inter-level travel time spent in this place.
 C = Inter-level travel time spent in this place.
 D = Time resting spent in this place.
 E = Time spent auto-exploring this place.
 F = Levels seen in this place.
 G = Mean time per level.
                   A        B        C        D        E       F      G
               +--------+--------+--------+--------+--------+-----+--------+
         Total |   1204 |   1170 |     34 |      0 |      0 |  10 |  120.4 |
       Dungeon |   1194 |   1160 |     34 |      0 |      0 |   9 |  132.7 |
  Orcish Mines |      9 |      9 |      0 |      0 |      0 |   1 |    9.0 |
               +--------+--------+--------+--------+--------+-----+--------+

Top non-repeatable levels by time:
     D:9: 320 daAuts
     D:8: 262 daAuts
     D:3: 218 daAuts
     D:7: 216 daAuts
     D:5: 64 daAuts
     D:4: 43 daAuts
     D:2: 34 daAuts
     D:6: 24 daAuts
   Orc:1: 9 daAuts
     D:1: 8 daAuts
